 Dungeon Crawl Stone Soup version 0.27-a0-637-g3a9f0a9c12 (webtiles) character file.

Game seed: 5475665179549630713

225 Bapho the Magician (level 5, -1/31 HPs)
             Began as a Deep Elf Hedge Wizard on Mar 15, 2021.
             Slain by a river rat (9 damage)
             ... in a sewer.
             The game lasted 00:04:59 (3162 turns).

Bapho the Magician (Deep Elf Hedge Wizard)          Turns: 3162, Time: 00:05:00

Health: -1/31      AC:  3    Str:  7    XL:     5   Next: 68%
Magic:  12/14      EV: 14    Int: 20    God:
Gold:   83         SH:  0    Dex: 14    Spells: 0/13 levels left

rFire    . . .     SeeInvis +   l - +0 long sword
rCold    . . .     Faith    .   (no shield)
rNeg     . . .     Spirit   .   b - +0 robe
rPois    .         Reflect  .   j - +0 helmet
rElec    .         Harm     .   (no cloak)
rCorr    .         Rampage  .   (no gloves)
Will     .....                  (no boots)
Stlth    ++........             (no amulet)
HPRegen  0.10/turn              h - ring of wizardry
MPRegen  0.14/turn              m - ring of see invisible

@: no status effects
A: no striking features
a: no special abilities


You were in a sewer.
You visited 1 branch of the dungeon, and saw 3 of its levels.
You also visited: Sewer.

You collected 83 gold pieces.

Inventory:

Hand Weapons
 a - a +0 dagger
 l - a +0 long sword (weapon)
Missiles
 d - 61 stones
Armour
 b - a +0 robe (worn)
 c - a +0 hat
 j - a +0 helmet (worn)
Jewellery
 h - a ring of wizardry (right hand)
 m - a ring of see invisible (left hand)
 n - a ring of ice
Scrolls
 f - a scroll of fog
 g - a scroll of immolation
Potions
 e - 3 potions of curing {unknown}
 i - a potion of ambrosia {unknown}
 k - a potion of mutation {unknown}


   Skills:
 - Level 2.6 Fighting
 - Level 4.7 Dodging
 - Level 2.4 Stealth
 + Level 4.8 Spellcasting
 - Level 1.6 Conjurations
 - Level 1.7 Summonings
 - Level 1.7 Translocations
 + Level 0.3 Fire Magic
 + Level 0.4 Air Magic


You couldn't memorise any spells.
You knew the following spells:

 Your Spells              Type           Power      Damage    Failure   Level
a - Magic Dart            Conj           44%        1d5       2%          1
b - Blink                 Tloc           N/A        N/A       3%          2
c - Call Imp              Summ           11%        N/A       3%          2
d - Slow                  Hex            4%         N/A       8%          2
e - Conjure Flame         Conj/Fire      8%         6-21      10%         3
f - Mephitic Cloud        Conj/Pois/Air  7%         N/A       11%         3

Your spell library contained the following spells:

 Spells                   Type           Power      Damage    Failure   Level


Dungeon Overview and Level Annotations

Branches:
Dungeon (3/15)              Sewer (1/1)

Altars:
Dithmenos
Nemelex Xobeh

Annotations:
D:3 1 runed translucent door, Bapho's ghost, amateur GrMo


Message History

You enter the shallow water.
Moving in this stuff is going to be slow.
You enter the shallow water.
Moving in this stuff is going to be slow. 2 rats and a river rat come into view.
The magic dart hits the river rat.
The river rat is lightly wounded.
The magic dart hits the river rat.
The river rat is lightly wounded.
The magic dart hits the river rat.
The river rat is moderately wounded.
The magic dart hits the river rat but does no damage.
The river rat is moderately wounded.
The magic dart hits the river rat but does no damage.
The river rat is moderately wounded.
You hit the river rat.
The river rat is heavily wounded.
The river rat barely misses you. The river rat misses you.
You riposte.
You closely miss the river rat.
The river rat is heavily wounded.
Why would you want to do that? Why would you want to do that?
Unknown command.
The river rat bites you. The river rat barely misses you.
The river rat bites you. The river rat barely misses you.
You riposte.
Your unstable footing causes you to fumble your attack.
The river rat bites you! The river rat bites you!
You are too injured to fight recklessly!
You are too injured to fight recklessly!
You barely miss the river rat.
The river rat is heavily wounded.
The river rat bites you.
* * * LOW HITPOINT WARNING * * *
You hit the river rat but do no damage.
The river rat is heavily wounded.
The river rat bites you!
You die...

######
##....##
#......#
#..∩∩..#
#..@...#
##≈r≈..#
#≈≈r≈≈≈#
#≈≈≈≈≈≈#
#≈≈≈≈≈≈#
#≈≈≈≈≈≈#
#≈≈≈≈≈≈#
#≈≈≈≈≈≈#
#≈≈≈≈≈≈#


You could see a river rat and a rat.

Vanquished Creatures
  Sigmund (D:3)
  A howler monkey (D:2)
  2 adders
  2 oozes
  2 dart slugs
  A giant cockroach (D:2)
  4 goblins
  5 hobgoblins
  4 kobolds
  3 ball pythons
  5 bats
  6 frilled lizards
  6 rats
42 creatures vanquished.

Notes
Turn   | Place    | Note
-------+----------+-------------------------------------------
     0 | D:1      | Bapho the Deep Elf Hedge Wizard began the quest for the
                  | Orb.
     0 | D:1      | Reached XP level 1. HP: 10/10 MP: 7/7
   269 | D:1      | Reached XP level 2. HP: 1/15 MP: 0/9
   896 | D:1      | Learned a level 2 spell: Blink
   899 | D:1      | Learned a level 2 spell: Call Imp
   902 | D:1      | Learned a level 2 spell: Slow
  1306 | D:2      | Found a sparkling altar of Nemelex Xobeh.
  1457 | D:2      | Noticed a howler monkey
  1463 | D:2      | Killed a howler monkey
  1464 | D:2      | Reached skill level 1 in Fighting
  1464 | D:2      | Reached XP level 3. HP: 20/20 MP: 3/11
  1576 | D:2      | Learned a level 3 spell: Conjure Flame
  1620 | D:2      | Reached XP level 4. HP: 25/25 MP: 5/12
  2575 | D:3      | Noticed Sigmund
  2611 | D:3      | Killed Sigmund
  2612 | D:3      | Reached XP level 5. HP: 2/31 MP: 5/14
  2617 | D:3      | Learned a level 3 spell: Mephitic Cloud
  2943 | D:3      | Found a runed translucent door.
  2947 | D:3      | Noticed Bapho's ghost (amateur GrMo)
  3030 | D:3      | Found a shadowy altar of Dithmenos.
  3103 | D:3      | Found a glowing drain.
  3117 | Sewer    | Entered a sewer
  3162 | Sewer    | Slain by a river rat

Illustrated notes

Levels and vault maps discovered:
D:1:      eino_arrival_cavern_e, layout_rooms, st_stairs_8
D:2:      wad_pebble_path, layout_basic, nemelex_diamond_rough_becter
D:3:      layout_loops_corners, general_overflow_altar,
          hellmonk_ghost_happy_afterlife, portal_sewer_entry_a, uniq_sigmund
Sewer:    sewer_minmay_w

Skill      XL: |  1  2  3  4 |
---------------+-------------+-----
Fighting       | 1 2 |  2.6
Dodging        | 3 4 |  4.7
Stealth        | |  2.4
Spellcasting   | |  4.8
Conjurations   | |  1.6
Summonings     | |  1.7
Translocations | |  1.7
Fire Magic     | |  0.3
Air Magic      | |  0.4

Action                   |  1- 3 |  4- 6 || total
-------------------------+-------+-------++-------
Melee: Dagger            |    25 |       ||    25
       Long sword        |       |    15 ||    15
 Cast: Magic Dart        |    61 |    36 ||    97
       Call Imp          |       |     4 ||     4
  Use: Scroll            |       |     2 ||     2
 Stab: Distracted        |       |     1 ||     1
Armor: Robe              |     7 |     2 ||     9
Dodge: Dodged            |    19 |    19 ||    38
       Rpst.: Long sword |       |     4 ||     4

Table legend: (Time is in decaauts)
 A = Elapsed time spent in this place.
 B = Non-inter-level travel time spent in this place.
 C = Inter-level travel time spent in this place.
 D = Time resting spent in this place.
 E = Time spent auto-exploring this place.
 F = Levels seen in this place.
 G = Mean time per level.
                   A        B        C        D        E       F      G
               +--------+--------+--------+--------+--------+-----+--------+
         Total |   3178 |   3130 |     48 |    502 |   2311 |   4 |  794.5 |
       Dungeon |   3120 |   3072 |     48 |    502 |   2281 |   3 | 1040.0 |
         Sewer |     57 |     57 |      0 |      0 |     30 |   1 |   57.0 |
               +--------+--------+--------+--------+--------+-----+--------+

Top non-repeatable levels by time:
     D:2: 1285 daAuts
     D:1: 1228 daAuts
     D:3: 606 daAuts
   Sewer: 57 daAuts
